 Dungeon Crawl Stone Soup version 0.21.1-1-g345015f (webtiles) character file.

220 Fang the Chopper (level 5, -3/33 HPs)
             Began as a Gargoyle Berserker on May 21, 2018.
             Was a Priest of Trog.
             Slain by an orc
             ... wielding a +0 flail
              (4 damage)
             ... on level 4 of the Dungeon.
             The game lasted 00:03:48 (3326 turns).

Fang the Chopper (Gargoyle Berserker)               Turns: 3326, Time: 00:03:49

Health: -3/33      AC:  6    Str: 21    XL:     5   Next: 97%
Magic:  5/5        EV: 12    Int:  8    God:    Trog [***...]
Gold:   135        SH:  0    Dex:  9    Spells: 4/4 levels left

rFire    . . .     SeeInvis .   a - +0 hand axe
rCold    . . .     Gourm    .   (no shield)
rNeg     + . .     Faith    .   b - +0 animal skin
rPois    ∞         Spirit   .   (no helmet)
rElec    +         Reflect  .   (no cloak)
rCorr    .         Harm     .   (no gloves)
MR       .....                  (no boots)
Stlth    +.........             (no amulet)
HPRegen  0.11/turn              d - ring of wizardry
MPRegen  0.09/turn              (no ring)

@: berserk cooldown, slowed, very slow
A: negative energy resistance 1, electricity resistance, unbreathing,
petrification resistance, rot immunity, AC +4
a: Berserk, Trog's Hand, Burn Spellbooks, Renounce Religion


You were on level 4 of the Dungeon.
You worshipped Trog.
Trog was most pleased with you.
You were not hungry.

You visited 1 branch of the dungeon, and saw 4 of its levels.

You collected 135 gold pieces.

Inventory:

Hand Weapons
 a - a +0 hand axe (weapon)
Armour
 b - a +0 animal skin (worn)
Jewellery
 d - a ring of wizardry (left hand)
 k - an uncursed ring of see invisible {unknown}
Scrolls
 f - 2 scrolls of fear {unknown}
 l - a scroll of teleportation
 m - 2 scrolls of enchant armour {unknown}
Potions
 e - a potion of ambrosia {unknown}
 g - a potion of degeneration {unknown}
 h - 2 potions of flight
 i - a potion of curing
 j - a potion of mutation
Comestibles
 c - 8 rations


   Skills:
 + Level 4.2 Fighting
 + Level 4.7 Axes
 + Level 2.3 Armour
 + Level 2.6 Dodging
 + Level 0.2 Stealth


You had 4 spell levels left.
You didn't know any spells.

Dungeon Overview and Level Annotations

Branches:
Dungeon (4/15)
 Temple: D:4-7

Altars:


Innate Abilities, Weirdness & Mutations

You are resistant to torment.
Your stone body is resilient. (AC +4)
You are immune to poison.
You resist negative energy. (rN+)
You are resistant to electric shocks. (rElec)
You can survive without breathing.
You are immune to petrification.
You are immune to rotting.


Message History

There is an open door here.
Things that are here:
a club; an orc corpse; a gnoll corpse Unknown command.
You feel a strong urge to attack something.
Unknown command.
You are no longer berserk.
You are exhausted.
You feel yourself slow down.
You hit the orc.
The orc is heavily wounded.
The orc hits you with a mace.
* * * LOW HITPOINT WARNING * * *
Unknown command.
The orc hits you with a mace!
* * * LOW HITPOINT WARNING * * *
The orc barely misses you. x2
You closely miss the orc. You barely miss the orc.
The orc hits you with a flail.
You die...

....# ...# ####
..!. ##..## ..#
##....###.#
##......##.######
................#
#(oo.#.#.###.#
+.@..))#.#
#....###.# #....#
#.# #....# #.#
#....# #.#
#....###.###.#
#....#.......#
#....#.#.########(
#.#..........


You could see 2 orcs.

Vanquished Creatures
  An orc wizard (D:3)
  3 gnolls (D:4)
  6 adders
  An ooze (D:1)
  3 leopard geckos
  9 orcs
  3 ball pythons
  11 bats
  3 giant cockroaches (D:1)
  6 goblins
  10 hobgoblins
  7 jackals
  2 quokkas (D:2)
  3 frilled lizards
  13 kobolds
  10 rats
91 creatures vanquished.

Notes
Turn   | Place    | Note
-------+----------+-------------------------------------------
     0 | D:1      | Fang the Gargoyle Berserker began the quest for the Orb.
     0 | D:1      | Reached XP level 1. HP: 14/14 MP: 1/1
   190 | D:1      | Reached XP level 2. HP: 18/19 MP: 2/2
   380 | D:1      | Reached ** piety under Trog
   380 | D:1      | Reached XP level 3. HP: 11/24 MP: 3/3
  1366 | D:2      | Reached XP level 4. HP: 21/29 MP: 4/4
  1785 | D:2      | Found a faded altar of an unknown god.
  1959 | D:3      | Reached XP level 5. HP: 19/33 MP: 5/5
  2061 | D:3      | Reached *** piety under Trog
  3325 | D:4      | HP: 1/33 [orc/mace (7)]
  3326 | D:4      | Slain by an orc

Skill      XL: |  1  2  3  4 |
---------------+-------------+-----
Axes           | 3 4 |  4.7
Dodging        | 2 |  2.6
Fighting       | 4 |  4.2
Armour         | |  2.3
Stealth        | |  0.2

Action                   |  1- 3 |  4- 6 || total
-------------------------+-------+-------++-------
Melee: Hand axe          |   112 |   138 ||   250
Invok: Berserk           |     1 |     3 ||     4
  Use: Scroll            |       |     8 ||     8
  Eat: Chunk             |     2 |     7 ||     9
       Ration            |       |     1 ||     1
Armor: Animal skin       |    40 |    56 ||    96
Dodge: Dodged            |    94 |   104 ||   198
